 Dungeon Crawl Stone Soup version 0.30-a0-847-g17996783a1 (webtiles) character file.

Game seed: 12019760638717226002

539 Farfigtubin the Sneak (level 7, 0/40 HPs)
             Began as a Kobold Brigand on Mar 3, 2023.
             Slain by a centaur (4 damage)
             ... on level 5 of the Dungeon.
             The game lasted 00:45:09 (3938 turns).

Farfigtubin the Sneak (Kobold Brigand)              Turns: 3938, Time: 00:45:10

Health: 0/40       AC:  4    Str:  9    XL:     7   Next: 51%
Magic:  8/8        EV: 15    Int: 12    God:
Gold:   153        SH:  0    Dex: 18    Spells: 8/8 levels left

rFire   . . .      SeeInvis .    a - +2 dagger
rCold   . . .      Faith    .    (no shield)
rNeg    . . .      Spirit   .    b - +0 robe
rPois   .          Reflect  .    (no helmet)
rElec   .          Rampage  .    c - +0 cloak
rCorr   .                        l - +0 pair of gloves
Will    .....                    (no boots)
Stlth   +++++                    o - amulet of the acrobat
HPRegen 0.26/turn                (no ring)
MPRegen 0.11/turn                (no ring)

@: no status effects
A: small, no large weapons, nightstalker 3
a: no special abilities


You were on level 5 of the Dungeon.
You visited 1 branch of the dungeon, and saw 5 of its levels.

You collected 153 gold pieces.

Inventory:

Hand Weapons
 a - a +2 dagger (weapon)
 w - a +1 short sword of speed
Missiles
 d - 14 poisoned darts (quivered)
 e - 2 curare-tipped darts
 k - 58 stones
 t - 5 atropa-tipped darts
Armour
 b - a +0 robe (worn)
 c - a +0 cloak (worn)
 l - a +0 pair of gloves (worn)
Jewellery
 o - an amulet of the acrobat (around neck)
Wands
 q - a wand of iceblast (8)
 B - a wand of paralysis (2)
Scrolls
 f - a scroll of poison {unknown}
 g - 3 scrolls of identify {@r1}
 h - a scroll of noise {unknown}
 n - a scroll of vulnerability {unknown}
 p - a scroll of blinking {unknown}
 s - a scroll of amnesia {unknown}
 u - a scroll of silence {unknown}
 v - 2 scrolls of magic mapping {unknown}
 x - a scroll of acquirement {unknown}
 y - a scroll of enchant armour {unknown}
Potions
 i - 2 potions of berserk rage
 j - 2 potions of magic
 m - a potion of mutation {unknown}
 r - a potion of curing {unknown}
 z - a potion of invisibility {unknown}
 A - a potion of haste
 C - a potion of might {unknown}


   Skills:
 - Level 2.1 Fighting
 * Level 7.4 Short Blades
 - Level 2.1 Throwing
 - Level 2.3 Dodging
 + Level 7.4 Stealth
 - Level 1.2 Spellcasting
 + Level 2.5 Summonings


You had 8 spell levels left.
You didn't know any spells.
Your spell library contained the following spells:

 Spells                   Type           Power      Damage    Failure   Level
 Call Imp                 Summ           6%         N/A       16%         2
 Magic Dart               Conj           0%         1d3       30%         1
 Searing Ray              Conj           0%         2d4       41%         2
 Summon Guardian Golem    Hex/Summ       3%         N/A       45%         3
 Fulminant Prism          Conj/Hex       0%         3d5       96%         4
 Summon Forest            Summ/Tloc      1%         N/A       99%         5
 Malign Gateway           Summ/Tloc      1%         N/A       100%        7


Dungeon Overview and Level Annotations

Branches:
Dungeon (5/15)
 Temple: D:4-7

Altars:
Qazlal

Shops:
D:1 =   D:2 (?

Annotations:
D:3 Robin


Innate Abilities, Weirdness & Mutations

You are small and have problems with some larger weapons.
You are completely attuned to the shadows.


Message History

The centaur kicks you but does no damage.
You hit the centaur but do no damage.
The centaur is heavily wounded.
The centaur hits you.
* * * LOW HITPOINT WARNING * * *
The centaur misses you.
Sorry, you're not good enough to have a special ability.
You hit the centaur.
The centaur is heavily wounded.
The centaur misses you. x2
You completely miss the centaur.
The centaur is heavily wounded.
You barely miss the centaur.
The centaur is heavily wounded.
The centaur hits you but does no damage.
The centaur kicks you.
* * * LOW HITPOINT WARNING * * *
You hit the centaur but do no damage.
The centaur is heavily wounded.
The centaur hits you.
* * * LOW HITPOINT WARNING * * *
The centaur misses you.
You hit the centaur.
The centaur is severely wounded.
The centaur hits you but does no damage.
The centaur misses you.
Okay, then.
You hit the centaur.
The centaur is severely wounded.
The centaur misses you. The centaur barely misses you.
The centaur completely misses you. x2; The centaur closely misses you.
The centaur completely misses you. The centaur barely misses you.
The centaur closely misses you. The centaur misses you.
The centaur completely misses you. The centaur closely misses you.
The centaur barely misses you.
There is a stone staircase leading up here.
You barely miss the centaur.
The centaur is severely wounded.
The centaur hits you.
You die...

### ### ### #.#
## #.## #.# #.#
#. ##.# ##.# #.##
#. #.#####..#
##..#########.
##......##
##.............
#......##
##...######.....
#.......####...##
#####.
#..##...##@c..##
##
#..##...#....##
###
#..##.###########
####.. #..##.#
#.######.....
#....##
##...........
##....#
##..........
##.....#
##.........
#.#...##
#..)......
##....#
######....


You could see a centaur.

Vanquished Creatures
  An ogre (D:5)
  Blork the orc (D:4)
  2 scorpions (D:4)
  A jelly (D:4)
  2 hounds
  An orc wizard (D:4)
  2 gnolls (D:4)
  3 adders
  A worm (D:2)
  2 dart slugs (D:2)
  8 orcs
  10 endoplasms
  5 giant cockroaches
  3 goblins
  8 hobgoblins
  4 jackals (D:1)
  6 kobolds
  2 quokkas
  5 ball pythons
  5 bats
  2 frilled lizards (D:1)
  5 rats
79 creatures vanquished.

Vanquished Creatures (others)
  2 plants (D:2)
  5 toadstools (D:1)
7 creatures vanquished.

Grand Total: 86 creatures vanquished

Notes
Turn   | Place    | Note
-------+----------+-------------------------------------------
     0 | D:1      | Farfigtubin the Kobold Brigand began the quest for the Orb.
     0 | D:1      | Reached XP level 1. HP: 12/12 MP: 1/1
   207 | D:1      | Reached XP level 2. HP: 14/17 MP: 2/2
   925 | D:2      | Reached XP level 3. HP: 21/21 MP: 3/3
  1145 | D:2      | Found Pionoepn's Antique Weapon Shoppe.
  1160 | D:2      | Got the Incunabulum of Massed Ill Luck
  1283 | D:1      | Found Bafiame's Jewellery Shoppe.
  1548 | D:2      | Found The Oracle's Delphic Readings.
  1562 | D:2      | Reached XP level 4. HP: 26/26 MP: 4/4
  1912 | D:4      | Noticed Blork the orc
  2224 | D:3      | Noticed Robin
  2307 | D:4      | Reached skill level 5 in Short Blades
  2307 | D:4      | Reached skill level 1 in Spellcasting
  2307 | D:4      | Reached XP level 5. HP: 26/30 MP: 6/6
  2330 | D:4      | Killed Blork the orc
  2331 | D:4      | Reached skill level 1 in Summonings
  2331 | D:4      | Reached XP level 6. HP: 25/35 MP: 7/7
  2568 | D:4      | Found a stormy altar of Qazlal.
  3007 | D:4      | Reached XP level 7. HP: 40/40 MP: 8/8
  3297 | D:5      | Entered Level 5 of the Dungeon
  3932 | D:5      | HP: 2/40 [centaur (6)]
  3938 | D:5      | Slain by a centaur

Illustrated notes

Levels and vault maps discovered:
D:1:      ldierk_walled_garden, layout_loops_cross, serial_shops, shop_statue,
          lemuel_flame_loot_1
D:2:      layout_basic, serial_shops, nicolae_shop_overgrown_old_shop,
          nicolae_nh_oracle_at_delphi
D:3:      layout_rooms, item_on_display_a, uniq_robin
D:4:      layout_gridville, overflow_temple_1_default,
          chequers_serial_rivers_micro_c, uniq_blork_the_orc
D:5:      layout_layer_cave, grunt_temple_overflow_open,
          hangedman_abyss_or_decor_slice, uniq_menkaure

Skill      XL: |  1  2  3  4  5  6  7 |
---------------+----------------------+-----
Short Blades   | 3 4 5 6 7 |  7.4
Dodging        | 2 |  2.3
Stealth        | 6 7 |  7.4
Spellcasting   | 1 |  1.2
Summonings     | 1 2 |  2.5
Fighting       | |  2.1
Throwing       | |  2.1

Action                     |  1- 3 |  4- 6 |  7- 9 || total
---------------------------+-------+-------+-------++-------
  Melee: Dagger            |    91 |   124 |    80 ||   295
         Punch             |     3 |     3 |     1 ||     7
  Throw: Stone             |     1 |       |       ||     1
         Dart              |       |     6 |     1 ||     7
    Use: Scroll            |       |     2 |     1 ||     3
   Stab: Sleeping          |    13 |    15 |     2 ||    30
         Distracted        |     1 |     2 |       ||     3
 Armour: Robe              |    17 |     6 |    15 ||    38
  Dodge: Dodged            |    44 |    64 |    59 ||   167

Table legend: (Time is in decaauts)
 A = Elapsed time spent in this place.
 B = Non-inter-level travel time spent in this place.
 C = Inter-level travel time spent in this place.
 D = Time resting spent in this place.
 E = Time spent auto-exploring this place.
 F = Levels seen in this place.
 G = Mean time per level.
                   A        B        C        D        E       F      G
               +--------+--------+--------+--------+--------+-----+--------+
         Total |   3866 |   3714 |    152 |    328 |    170 |   5 |  773.2 |
       Dungeon |   3866 |   3714 |    152 |    328 |    170 |   5 |  773.2 |
               +--------+--------+--------+--------+--------+-----+--------+

Top non-repeatable levels by time:
     D:4: 1086 daAuts
     D:1: 774 daAuts
     D:3: 712 daAuts
     D:2: 705 daAuts
     D:5: 588 daAuts
